Map: Port Aleksander LE

Players

Tenderfoot

  • Race: Zerg Zerg
  • League: Platinum
  • Spawn Location: 5:00

Slappa - Winner!

  • Race: Terran Terran
  • League: Silver
  • Spawn Location: 11:00

VOD

Have the link to the VOD?

Description

Time

  • Played on: Feb. 23, 2019, 4:32 p.m.
  • Length: 26:33
Show
View Real Time Build Order
Export as new Build Order

Tenderfoot Zerg 

Build Orders: Hatch First, Lurkers 

Get SALT Encoding   

  12  0:01  Drone  
  13  0:13  Overlord  
  13  0:19  Drone  
  14  0:32  Drone x2  
  14  0:35  Drone  
  17  0:50  Drone  
  18  0:57  Hatchery  
  18  1:00  Drone  
  18  1:05  Extractor  
  18  1:07  Drone  
  18  1:18  Drone  
  19  1:23  Spawning Pool  
  18  1:29  Drone  
  19  1:40  Overlord  
  19  1:50  Drone  
  20  2:11  Queen x2  
  20  2:14  Zergling x6  
  27  2:16  Metabolic Boost  
  27  2:23  Drone x2  
  29  2:32  Drone  
  29  2:36  Spine Crawler  
  29  2:41  Drone  
  29  2:43  Drone  
  31  2:47  Drone  
  32  2:54  Overlord  
  32  2:56  Overlord  
  32  3:10  Overlord  
  32  3:11  Overlord  
  32  3:25  Drone  
  32  3:26  Drone x5  
  38  3:37  Drone  
  38  3:39  Baneling Nest, Drone x3  
  41  3:52  Hatchery  
  41  3:54  Drone x2  
  42  3:57  Drone  
  42  3:58  Extractor  
  42  4:05  Lair  
  42  4:08  Queen  
  44  4:13  Drone x2  
  44  4:14  Drone  
  47  4:23  Zergling x8  
  51  4:25  Zergling x2  
  52  4:32  Baneling  
  52  4:33  Baneling x2  
  52  4:37  Baneling  
  52  4:46  Drone, Extractor  
  52  4:48  Drone x3  
  52  4:51  Zergling x2  
  52  4:52  Zergling x2  
  57  4:54  Overlord x2  
  57  4:56  Baneling x3  
  57  5:05  Drone  
  57  5:07  Extractor  
  57  5:15  Drone  
  57  5:16  Drone x2  
  57  5:17  Drone  
  57  5:18  Overlord  
  57  5:20  Queen  
  63  5:23  Queen  
  65  5:31  Zergling x4, Hydralisk Den  
  65  5:32  Zergling x10  
  65  5:33  Baneling  
  65  5:34  Baneling x5  
  71  5:39  Drone  
  71  5:41  Drone x2  
  74  5:59  Drone  
  74  6:00  Drone x7  
  82  6:07  Baneling  
  82  6:08  Baneling x13  
  82  6:12  Drone x2  
  82  6:13  Overlord  
  82  6:18  Spore Crawler  
  83  6:20  Drone x2, Spore Crawler  
  83  6:22  Drone  
  83  6:24  Spore Crawler  
  84  6:31  Centrifical Hooks  
  84  6:34  Zergling x4  
  84  6:35  Zergling x4  
  88  7:03  Grooved Spines, Hydralisk x3  
  88  7:04  Hydralisk  
  88  7:05  Lurker Den  
  88  7:07  Hydralisk  
  96  7:10  Zergling x8  
  100  7:27  Drone x3, Extractor  
  100  7:28  Drone x2, Extractor  
  103  7:31  Hatchery  
  102  7:49  Hydralisk x2  
  106  7:52  Overlord x5  
  106  7:53  Overlord x3  
  106  8:03  Evolution Chamber  
  105  8:06  Evolution Chamber, Hydralisk  
  105  8:11  Drone x3  
  105  8:12  Drone x2  
  111  8:36  Hydralisk  
  111  8:37  Hydralisk x10  
  133  8:47  Zerg Ground Armor Level 1  
  133  8:48  Zerg Missile Weapons Level 1  
  133  8:49  Hydralisk x6  
  142  9:23  Hydralisk x6  
  142  9:24  Hydralisk x7  
  146  9:26  Hydralisk  
  146  9:30  Queen  
  172  9:38  Overlord x3  
  105  10:24  Hydralisk x2  
  105  10:25  Hydralisk x12  
  127  10:43  Muscular Augments, Infestation Pit  
  127  10:44  Zerg Missile Weapons Level 2  
  126  10:50  Hydralisk  
  126  10:51  Hydralisk x7  
  126  10:53  Overlord  
  143  11:04  Drone x2  
  143  11:05  Drone  
  143  11:07  Drone  
  143  11:09  Hatchery  
  145  11:15  Zerg Ground Armor Level 2  
  145  11:19  Hive  
  129  11:50  Hydralisk  
  129  11:51  Hydralisk x11  
  147  12:07  Drone x9  
  147  12:08  Drone  
  157  12:20  Hydralisk x3  
  157  12:21  Hydralisk  
  109  13:04  Spire  
  100  13:05  Zerg Missile Weapons Level 3, Hydralisk x2  
  100  13:06  Hydralisk  
  100  13:07  Hydralisk x7  
  100  13:08  Hydralisk x2  
  124  13:30  Queen  
  124  13:32  Queen  
  128  13:34  Hydralisk  
  128  13:35  Hydralisk x4  
  128  13:36  Hydralisk  
  140  13:44  Extractor  
  140  13:47  Extractor  
  138  13:52  Hydralisk x6  
  148  13:59  Lurker x2  
  148  14:00  Lurker  
  151  14:06  Lurker  
  152  14:11  Drone x3  
  119  15:11  Zergling x10  
  119  15:12  Zergling x20  
  134  15:24  Lurker x6  
  134  15:25  Lurker x6  
  134  15:26  Lurker x4  
  150  15:31  Zergling x2  
  150  15:32  Zergling x8  
  155  15:41  Greater Spire  
  155  15:43  Drone x2  
  155  15:44  Drone x4  
  161  16:00  Hatchery  
  160  16:57  Corruptor x3  
  160  16:58  Corruptor x4  
  160  17:00  Overlord  
  160  17:01  Overlord x11  
  165  17:38  Brood Lord x3  
  165  17:39  Corruptor x2, Brood Lord x4  
  165  17:40  Corruptor x6  
  165  17:41  Corruptor  
  198  18:05  Drone x2  
  198  18:06  Drone  
  198  18:08  Hatchery  
  196  18:35  Extractor  
  196  18:36  Extractor  
  151  19:33  Corruptor x3  
  151  19:34  Corruptor x7  
  151  19:35  Corruptor x7  
  151  19:36  Corruptor  
  175  19:53  Brood Lord  
  157  20:54  Swarm Host  
  157  20:55  Swarm Host x11  
  161  21:57  Corruptor x2  
  161  21:58  Corruptor x7  
  161  21:59  Corruptor  
  181  22:08  Extractor  
  180  22:09  Extractor  
  179  22:24  Hydralisk  
  179  22:25  Hydralisk x4  
  179  22:26  Hydralisk  
  179  22:27  Zergling x22  
  150  23:57  Hydralisk  
  150  23:58  Hydralisk x8  
  150  23:59  Hydralisk x6  
  153  24:43  Brood Lord x4  
  153  24:44  Corruptor  
  154  24:59  Swarm Host x2, Zergling x8  
  158  25:00  Swarm Host  
  92  25:47  Swarm Host  
  92  25:48  Swarm Host x5  
Show
View Real Time Build Order
Export as new Build Order

Slappa Terran - Winner!

Build Orders: Mech 

Get SALT Encoding   

  12  0:00  SCV  
  13  0:12  SCV  
  14  0:21  Supply Depot  
  14  0:25  SCV  
  15  0:33  Refinery  
  15  0:44  Barracks  
  15  0:48  SCV  
  16  1:00  SCV  
  17  1:31  Orbital Command  
  17  1:36  Factory  
  17  1:43  Refinery  
  17  1:54  Barracks Tech Lab  
  17  2:10  Command Center  
  17  2:26  Supply Depot  
  17  2:30  Siege Tank  
  17  2:35  SCV  
  21  2:41  Marine  
  22  2:47  SCV  
  23  2:58  Engineering Bay  
  23  3:09  SCV  
  24  3:13  Cyclone  
  27  3:21  SCV  
  28  3:28  Orbital Command  
  28  3:33  SCV  
  29  3:45  SCV, Factory  
  30  3:57  SCV  
  31  4:03  SCV, Factory  
  31  4:08  Missile Turret  
  31  4:09  SCV  
  33  4:14  Missile Turret  
  33  4:16  SCV  
  34  4:21  Widow Mine  
  34  4:22  SCV  
  37  4:28  Factory Tech Lab, SCV  
  38  4:32  Supply Depot  
  38  4:34  SCV  
  39  4:40  Refinery  
  39  4:42  Cyclone  
  39  4:43  Refinery, SCV  
  43  4:49  Cyclone  
  43  4:51  Mag-Field Accelerator  
  46  4:55  SCV  
  46  4:57  SCV  
  48  5:10  Armory  
  48  5:11  Supply Depot, SCV x2  
  50  5:16  Factory Tech Lab  
  50  5:23  Supply Depot, SCV  
  50  5:26  SCV  
  52  5:33  Siege Tank  
  55  5:36  SCV  
  55  5:39  Sensor Tower  
  56  5:46  SCV  
  56  5:48  Cyclone  
  56  5:49  SCV  
  63  5:50  Widow Mine  
  63  5:58  SCV  
  63  6:03  SCV  
  63  6:04  Missile Turret  
  65  6:05  Hellion  
  67  6:12  Siege Tank  
  70  6:27  Terran Vehicle Weapons Level 1  
  70  6:29  Missile Turret  
  70  6:32  Factory  
  70  6:40  Supply Depot x2  
  70  6:41  Supply Depot  
  70  6:49  Factory  
  70  7:01  Widow Mine, SCV x2  
  70  7:05  Command Center  
  74  7:11  Supply Depot  
  74  7:13  SCV x2  
  76  7:19  Factory Tech Lab  
  76  7:23  Sensor Tower, Cyclone  
  76  7:26  Infernal Pre-Igniter  
  76  7:27  SCV  
  80  7:33  Supply Depot  
  80  7:38  SCV  
  80  7:41  Missile Turret  
  80  7:43  Missile Turret  
  80  7:44  SCV  
  82  7:45  Siege Tank, Supply Depot  
  82  7:47  Hellion  
  87  8:00  Siege Tank, Cyclone  
  87  8:02  Refinery, Hellion  
  87  8:04  SCV  
  96  8:06  SCV  
  96  8:09  Factory Tech Lab  
  97  8:13  Armory  
  97  8:16  SCV  
  97  8:18  Planetary Fortress, Hellion  
  100  8:23  Cyclone  
  103  8:28  Refinery  
  103  8:31  SCV x2  
  103  8:32  Hellion x2  
  109  8:36  Supply Depot  
  109  8:43  SCV x2  
  109  8:47  Siege Tank  
  109  8:48  Hellion  
  116  8:54  Hellion  
  116  8:55  Cyclone  
  121  8:56  Hellion  
  121  8:57  SCV  
  121  8:58  Supply Depot, SCV  
  121  8:59  SCV  
  126  9:09  SCV  
  127  9:10  SCV  
  127  9:16  Hellion  
  127  9:17  Hellion, Cyclone  
  124  9:19  Siege Tank  
  130  9:25  Terran Vehicle Weapons Level 2, Terran Vehicle And Ship Armor Level 1  
  130  9:27  Siege Tank  
  133  9:38  Hellion  
  135  9:39  Hellion  
  137  9:45  SCV  
  137  9:49  Hellbat  
  137  9:50  Supply Depot  
  137  9:51  Hellbat  
  142  9:59  Cyclone x2  
  99  10:10  Cyclone x2  
  99  10:12  Siege Tank  
  99  10:13  Supply Depot  
  94  10:27  SCV  
  95  10:31  Siege Tank, Cyclone  
  103  10:43  Hellion x2  
  103  10:45  Hellion  
  107  11:01  Command Center  
  107  11:03  Siege Tank, Cyclone  
  115  11:04  Sensor Tower, Hellion, Cyclone  
  115  11:06  Hellion  
  120  11:23  Missile Turret  
  122  11:25  Hellion  
  122  11:27  Widow Mine  
  124  11:35  Hellbat  
  124  11:36  Hellion, Cyclone  
  129  11:43  Refinery  
  129  11:47  Siege Tank  
  120  11:49  Hellion  
  103  11:57  Hellion, Cyclone  
  106  12:06  Refinery  
  108  12:08  Hellion  
  108  12:09  SCV x2  
  108  12:10  Hellion  
  108  12:15  Terran Vehicle And Ship Armor Level 2  
  112  12:17  SCV  
  112  12:18  Cyclone  
  112  12:19  Hellion  
  112  12:21  SCV  
  119  12:29  Hellion  
  122  12:30  Cyclone  
  122  12:31  Siege Tank  
  123  12:40  Cyclone  
  114  12:50  Siege Tank, Cyclone  
  100  13:02  Widow Mine  
  100  13:04  Hellion  
  101  13:12  Siege Tank  
  104  13:21  Missile Turret, Command Center  
  104  13:22  Cyclone x2  
  104  13:23  Supply Depot, Siege Tank  
  104  13:25  Supply Depot, Cyclone  
  116  13:44  Siege Tank  
  116  13:47  SCV  
  120  13:49  SCV  
  120  13:54  Siege Tank x2  
  120  13:55  Cyclone  
  130  13:57  Hellion  
  132  14:14  Command Center  
  132  14:15  Sensor Tower  
  132  14:17  Hellion  
  134  14:18  Hellion  
  134  14:27  Hellion x2, Cyclone  
  132  14:38  Hellion  
  120  14:40  Siege Tank  
  123  14:48  Hellion  
  123  14:49  Cyclone  
  124  14:59  Siege Tank, Hellion  
  103  15:09  Terran Vehicle And Ship Armor Level 3, Hellion  
  103  15:12  Planetary Fortress, Hellbat, SCV  
  108  15:18  SCV x2  
  108  15:20  Cyclone  
  108  15:21  Siege Tank  
  116  15:24  SCV  
  116  15:28  Planetary Fortress  
  117  15:30  Siege Tank, SCV  
  117  15:31  Siege Tank, SCV  
  117  15:33  Cyclone  
  128  15:36  SCV  
  128  15:40  Barracks  
  128  15:42  SCV  
  130  15:53  Cyclone x2  
  136  15:57  Refinery  
  136  15:59  SCV x3  
  136  16:00  Refinery  
  136  16:03  Hellion, Cyclone  
  144  16:04  SCV x2  
  144  16:05  Cyclone  
  149  16:15  Terran Vehicle Weapons Level 3  
  149  16:24  Cyclone  
  149  16:25  Hellion x2  
  156  16:30  Factory  
  156  16:33  Factory  
  156  16:35  Hellion  
  156  16:38  Hellion  
  160  16:44  SCV x3  
  160  16:45  SCV  
  160  16:46  Cyclone x2  
  170  16:56  Thor, Cyclone  
  170  16:59  Supply Depot, Hellbat  
  181  17:02  SCV x2  
  181  17:03  Supply Depot  
  183  17:13  Factory  
  183  17:15  Factory  
  183  17:18  Hellion, Cyclone  
  183  17:20  Siege Tank, Factory  
  191  17:28  Hellion  
  191  17:29  SCV x5  
  198  17:39  Hellion  
  200  17:52  Starport  
  200  17:55  Command Center  
  200  18:03  Missile Turret  
  200  18:08  Factory Tech Lab  
  200  18:10  Factory Tech Lab x2  
  200  18:11  Factory Tech Lab  
  200  18:32  Missile Turret  
  183  18:45  Starport Tech Lab  
  183  18:49  SCV x2, Liberator  
  185  18:58  Cyclone x2  
  138  19:08  Cyclone x3  
  138  19:09  Hellion x3  
  150  19:10  Hellbat  
  150  19:21  Command Center  
  150  19:30  Hellbat, Thor x4  
  150  19:31  Thor  
  179  19:32  Liberator  
  176  19:40  Thor x2  
  184  19:51  Thor  
  170  20:12  Thor  
  170  20:13  Thor x2, Cyclone  
  170  20:14  Thor  
  188  20:17  Factory Tech Lab  
  185  20:23  Thor  
  191  20:32  Viking  
  191  20:34  Thor  
  193  20:52  Refinery x2  
  193  20:53  Thor  
  196  21:10  Viking  
  198  21:23  Missile Turret  
  198  21:26  Command Center  
  198  21:27  Refinery  
  198  21:28  Missile Turret  
  198  21:29  Refinery  
  198  21:40  Viking  
  199  22:51  Hellion  
  199  22:55  Planetary Fortress  
  191  23:09  Thor  
  195  23:18  Refinery  
  190  23:20  Sensor Tower  
  190  23:24  Thor x2  
  161  23:48  Thor  
  161  23:49  Thor x5  
  161  23:52  Thor  
  194  24:29  Thor  
  200  24:38  Command Center  
  200  24:39  Missile Turret  
  200  24:45  Factory Reactor  
  198  25:00  Command Center  
  186  25:37  Thor x2  
Tags
 
Add a new tag
Caveats
  • Supply blocks, unpowered buildings, or Contaminate may cause inaccurate times.
  • Supply counts are checked every 10 seconds.